 Dungeon Crawl Stone Soup version 0.25.1-2-g60ff931df9 (webtiles) character file.

Game seed: 7003996596519617554

6768 pokeman the Thaumaturge (level 10, -7/56 HPs)
             Began as a Deep Elf Wizard on Oct 31, 2020.
             Was a Follower of Vehumet.
             Mangled by a two-headed ogre
             ... wielding a +0 giant spiked club
              (14 damage)
             ... on level 9 of the Dungeon.
             The game lasted 00:38:49 (11808 turns).

pokeman the Thaumaturge (Deep Elf Wizard)          Turns: 11808, Time: 00:38:50

Health: -7/56      AC:  8    Str:  7    XL:     10   Next: 76%
Magic:  13/28      EV: 12    Int: 29    God:    Vehumet [*.....]
Gold:   412        SH:  0    Dex: 13    Spells: 22/34 levels left

rFire    + . .     SeeInvis .   R - +11 war axe of Kizywneq {vorpal, *Contam rC+ rN+ Int+2}
rCold    + . .     Gourm    .   (no shield)
rNeg     + . .     Faith    .   y - +0 leather armour
rPois    .         Spirit   .   G - +2 helmet
rElec    .         Reflect  .   P - +0 cloak
rCorr    .         Harm     .   M - +0 pair of gloves {Str+3}
MR       +....                  (no boots)
Stlth    +.........             B - amulet of regeneration
HPRegen  0.58/turn              p - ring of fire
MPRegen  0.21/turn              b - ring of protection from cold

@: confused, studying Crossbows
A: no striking features
a: Renounce Religion


You were on level 9 of the Dungeon.
You worshipped Vehumet.
Vehumet was aware of your devotion.
You were near starving.

You visited 2 branches of the dungeon, and saw 10 of its levels.
You also visited: Sewer and Ossuary.

You collected 512 gold pieces.
You spent 100 gold pieces at shops.

Inventory:

Hand Weapons
 R - the +11 war axe of Kizywneq (weapon) {vorpal, *Contam rC+ rN+ Int+2}
   (You found it on level 7 of the Dungeon)

   It inflicts extra damage upon your enemies.
   It affects your intelligence (+2).
   It protects you from cold.
   It protects you from negative energy.
   It causes magical contamination when unequipped.
Missiles
 a - 101 bolts
Armour
 y - a +0 leather armour (worn)
 G - a +2 helmet (worn)
 M - a +0 pair of gloves of strength (worn)
 P - a +0 cloak (worn)
Jewellery
 b - a ring of protection from cold (right hand)
 p - a ring of fire (left hand)
 B - an amulet of regeneration (around neck)
Wands
 e - a wand of acid (7)
Scrolls
 c - 3 scrolls of magic mapping {unknown}
 f - 2 scrolls of amnesia {unknown}
 g - a scroll of noise {unknown}
 i - a scroll of silence {unknown}
 k - 3 scrolls of enchant weapon {unknown}
 l - 3 scrolls of teleportation {unknown}
 n - 2 scrolls of fear {unknown}
 o - 2 scrolls of random uselessness {unknown}
 s - 4 scrolls of remove curse {unknown}
 x - a scroll of immolation {unknown}
 Q - a scroll of blinking
Potions
 h - 9 potions of curing
 j - 6 potions of heal wounds
 m - 5 potions of haste
Books
 u - a manual of Crossbows
Comestibles
 d - 17 rations


   Skills:
 - Level 4.0 Fighting
 + Level 3.0 Armour
 - Level 3.3 Dodging
 - Level 3.1 Stealth
 * Level 12.8 Spellcasting
 * Level 10.3 Conjurations
 - Level 1.1 Summonings
 - Level 1.1 Translocations
 + Level 6.5 Fire Magic
 - Level 1.0 Air Magic
 - Level 1.1 Poison Magic
 - Level 2.0 Evocations


You had 22 spell levels left.
You knew the following spells:

 Your Spells              Type           Power        Failure   Level  Hunger
a - Magic Dart            Conj           ####         1%          1    None
b - Mephitic Cloud        Conj/Pois/Air  #####...     2%          3    None
c - Call Imp              Summ           ####....     4%          2    None
d - Blink                 Tloc           N/A          4%          2    None
e - Conjure Flame         Conj/Fire      #######.     1%          3    None
f - Foxfire               Conj/Fire      ####         1%          1    None

Your spell library contained the following spells:

 Spells                   Type           Power        Failure   Level  Hunger
 Beastly Appendage        Tmut           ###...       4%          1    None
 Slow                     Hex            ###.....     6%          2    None
 Sticks to Snakes         Tmut           ###.....     6%          2    None
 Spider Form              Tmut/Pois      ###.......   10%         3    None
 Ice Form                 Ice/Tmut       ###.....     38%         4    None
 Blade Hands              Tmut           ###.......   75%         5    ##.....


Dungeon Overview and Level Annotations

Branches:
Dungeon (9/15)             Temple (1/1) D:7           Sewer (visited)
Ossuary (visited)
   Lair: D:8-11         Orc: D:9-12

Altars:
Ashenzari
Cheibriados
Fedhas
Hepliaklqana
Kikubaaqudgha
Makhleb
Nemelex Xobeh
Okawaru
Qazlal
Ru
Sif Muna
Trog
Uskayaw
Vehumet
Wu Jian
Yredelemnul
Zin
The Shining One

Shops:
D:5 !   D:6 *


Message History

Casting: Foxfire (safe; 1% risk of failure)
Confirm with . or Enter, or press ? or * to list all spells.
You feel a surge of power!
You conjure some foxfire!
The two-headed ogre hits you with a +0 giant spiked club!!
Ouch! That really hurt!
The two-headed ogre hits you with a +0 giant spiked club!
* * * LOW HITPOINT WARNING * * *
Casting: Foxfire (safe; 1% risk of failure)
Confirm with . or Enter, or press ? or * to list all spells.
You blink.
You are engulfed in noxious fumes.
You choke on the stench!
You are confused.
* * * LOW HITPOINT WARNING * * *
Unknown command.
You're too confused to cast spells.
Drop what? 26/52 slots (_ for help) (? for menu, Esc to quit)
Okay, then.
Unknown command.
The two-headed ogre is engulfed in noxious fumes.
The two-headed ogre hits you with a +0 giant spiked club!
You die...

...........#..#.......#.....#....
.........................#.......
.##..###################.........
.##..#.... ####...<.. .##..#.....
#.#.... .....#?.....########
#.#.... .....#......'.§§°.§#
#...... .....#......#.#°O#v#
######. .....#....§ #.#.@#.# ##
.....#.######......# .....#
#.....####### .....# #.##..# ##
.....# #.....# #. .....###.....+
#. .>......###### ## ......#.#
........#


You could see a two-headed ogre.

Vanquished Creatures
  A two-headed ogre (D:8)
  Grinder (Sewer)
  A hippogriff (D:9)
  Sigmund (D:4)
  A hungry ghost (D:8)
  Menkaure (D:4)
  Edmund (D:6)
  A water moccasin (D:7)
  Duvessa (D:7)
  An ice beast (D:7)
  5 sky beasts
  2 orc warriors (D:8)
  An eye of draining (D:8)
  8 ogres
  3 centaurs
  2 big kobolds
  A bullfrog (D:7)
  Blork the orc (D:4)
  A water moccasin zombie (D:5)
  A wyvern zombie (Ossuary)
  2 scorpions
  Dowan (D:7)
  20 killer bees
  2 howler monkeys
  3 bullfrog zombies
  3 crimson imps
  2 centaur zombies
  2 quasits
  3 hounds
  A jelly (D:5)
  7 orc priests
  5 orc wizards
  Crazy Yiuf (D:6)
  Ijyb (D:4)
  A centaur skeleton (D:5)
  3 bullfrog skeletons
  2 iguanas (D:5)
  7 worker ants
  2 big kobold zombies (Sewer)
  A hound zombie (Ossuary)
  9 mummies (Ossuary)
  Robin (D:4)
  A howler monkey skeleton (D:8)
  3 worker ant zombies
  11 adders
  5 shadow imps
  4 ufetubi (Sewer)
  An ooze (Sewer)
  An adder zombie (Ossuary)
  An adder skeleton (D:5)
  2 worms (D:4)
  5 leopard geckos
  36 orcs
  A bat zombie (Sewer)
  4 giant cockroaches
  15 goblins
  7 hobgoblins
  8 jackals (D:5)
  24 kobolds
  2 quokkas
  2 ball pythons (Sewer)
  5 bats
  4 frilled lizards
  2 jackal zombies (Ossuary)
  3 leopard gecko zombies
  A quokka zombie (D:6)
  4 rats
266 creatures vanquished.

Vanquished Creatures (collateral kills)
  An ice beast (D:5)
  2 killer bees
  2 mummies (Ossuary)
  An ooze (Sewer)
6 creatures vanquished.

Vanquished Creatures (others)
  A big kobold (Sewer)
  An ooze (Sewer)
  15 foxfires
  2 withered plants (Ossuary)
19 creatures vanquished.

Grand Total: 291 creatures vanquished

Notes
Turn   | Place    | Note
-------+----------+-------------------------------------------
     0 | D:1      | pokeman the Deep Elf Wizard began the quest for the Orb.
     0 | D:1      | Reached XP level 1. HP: 10/10 MP: 7/7
   483 | D:1      | Reached XP level 2. HP: 15/15 MP: 6/9
  1449 | D:2      | Reached skill level 5 in Spellcasting
  1449 | D:2      | Reached XP level 3. HP: 18/20 MP: 5/11
  1454 | D:2      | Learned a level 3 spell: Mephitic Cloud
  1457 | D:2      | Learned a level 2 spell: Call Imp
  1460 | D:2      | Learned a level 2 spell: Blink
  1464 | D:2      | Learned a level 3 spell: Conjure Flame
  1807 | D:3      | Found a blossoming altar of Fedhas.
  1901 | D:3      | Reached skill level 1 in Fighting
  1901 | D:3      | Reached skill level 1 in Armour
  2224 | D:3      | Found a glowing drain.
  2235 | Sewer    | Entered a sewer
  2236 | Sewer    | Reached XP level 4. HP: 25/25 MP: 5/13
  2578 | Sewer    | Reached skill level 1 in Fire Magic
  2578 | Sewer    | Reached skill level 1 in Air Magic
  2655 | Sewer    | Reached XP level 5. HP: 25/29 MP: 3/15
  2743 | Sewer    | Found a burning altar of Makhleb.
  2746 | Sewer    | Reached skill level 6 in Spellcasting
  2770 | Sewer    | Reached skill level 1 in Poison Magic
  2774 | Sewer    | Noticed Grinder
  3003 | Sewer    | Killed Grinder
  3003 | Sewer    | Reached skill level 7 in Spellcasting
  3003 | Sewer    | Reached XP level 6. HP: 9/34 MP: 0/18
  3662 | D:3      | Reached XP level 7. HP: 38/38 MP: 9/19
  4481 | D:4      | Reached skill level 5 in Conjurations
  4651 | D:4      | Noticed Ijyb
  4666 | D:4      | Killed Ijyb
  4721 | D:4      | Reached skill level 8 in Spellcasting
  4808 | D:4      | Found an ancient bone altar of Kikubaaqudgha.
  4821 | D:4      | Noticed Robin
  4835 | D:4      | Killed Robin
  5150 | D:4      | Noticed Sigmund
  5160 | D:4      | Killed Sigmund
  5160 | D:4      | Reached skill level 1 in Evocations
  5160 | D:4      | Reached XP level 8. HP: 44/44 MP: 18/22
  5364 | D:4      | Noticed Menkaure
  5377 | D:4      | Killed Menkaure
  5489 | D:4      | Noticed Blork the orc
  5504 | D:4      | Killed Blork the orc
  5630 | D:4      | Reached skill level 9 in Spellcasting
  5732 | D:5      | Entered Level 5 of the Dungeon
  5897 | D:5      | Found Poikho Gaha's Distillery.
  5938 | D:5      | Found a sand-covered staircase.
  5944 | Ossuary  | Entered an ossuary
  6148 | Ossuary  | Reached XP level 9. HP: 48/48 MP: 13/24
  6290 | Ossuary  | Reached skill level 10 in Spellcasting
  7415 | D:5      | Bought 2 potions of heal wounds for 100 gold pieces
  7781 | D:6      | Found Jytef's Mass Market.
  7786 | D:6      | Noticed Edmund
  7804 | D:6      | Killed Edmund
  8033 | D:6      | Reached skill level 11 in Spellcasting
  8033 | D:6      | Reached skill level 5 in Fire Magic
  8259 | D:6      | Found a runed translucent door.
  8260 | D:6      | Noticed Crazy Yiuf
  8270 | D:6      | Killed Crazy Yiuf
  8917 | D:7      | Got a twisted war axe
  8918 | D:7      | Identified the +11 war axe of Kizywneq {vorpal, *Contam rC+
                  | rN+ Int+2} (You found it on level 7 of the Dungeon)
  8967 | D:7      | Reached XP level 10. HP: 55/55 MP: 21/27
  9585 | D:7      | Found a staircase to the Ecumenical Temple.
  9598 | Temple   | Entered the Ecumenical Temple
  9617 | Temple   | Became a worshipper of Vehumet
  9698 | D:7      | Noticed Dowan
  9703 | D:7      | Noticed Duvessa
  9704 | D:7      | Killed Dowan
  9716 | D:7      | Killed Duvessa
 10167 | D:8      | Reached skill level 12 in Spellcasting
 10446 | D:8      | Found a sparkling altar of Nemelex Xobeh.
 10716 | D:8      | Reached * piety under Vehumet
 10716 | D:8      | Offered knowledge of Foxfire by Vehumet.
 10719 | D:8      | Learned a level 1 spell: Foxfire
 10824 | D:8      | Noticed a two-headed ogre
 10836 | D:8      | Killed a two-headed ogre
 10848 | D:8      | Reached skill level 10 in Conjurations
 10950 | D:8      | Found a shattered altar of Ashenzari.
 10950 | D:8      | Found a sacrificial altar of Ru.
 10955 | D:8      | Found a shimmering blue altar of Sif Muna.
 10957 | D:8      | Found a faded altar of an unknown god.
 10959 | D:8      | Found a burning altar of Makhleb.
 11790 | D:9      | Noticed a two-headed ogre
 11808 | D:9      | Mangled by a two-headed ogre

Illustrated notes

Levels and vault maps discovered:
D:1:      minmay_arrival_four_circles, layout_basic
D:2:      layout_rooms
D:3:      cheibrodos_old_hovel, layout_loops_ring, fedhas_altar_3,
          portal_sewer_entry_d, first_ration
D:4:      layout_basic, kennysheep_mini, uniq_blork_the_orc, uniq_menkaure,
          uniq_ijyb, uniq_robin, uniq_sigmund
D:5:      layout_rooms, serial_shops, shop, enter_ossuary_2, minmay_manual_mail
D:6:      layout_gridville, minmay_shop_mass, uniq_crazy_yiuf_cottage,
          uniq_edmund
D:7:      layout_loops_ring, minmay_temple_entry_proselytizer, uniq_duvessa
D:8:      layout_loops_ring, chequers_temple_overflow_minitemple, basic_altar,
          nrook_pool_corridor
D:9:      layout_stronghold, grunt_lair_entry_orc_guard_hut,
          grunt_decor_arrowhead
Temple:   lightli_temple_of_artemis

Skill      XL: |  1  2  3  4  5  6  7  8  9 10 |
---------------+-------------------------------+-----
Spellcasting   | 5 7 8 9 11 12 | 12.8
Fighting       | 1 2 4 |  4.0
Armour         | 1 2 3 |  3.0
Conjurations   | 2 4 5 7 9 10 | 10.3
Fire Magic     | 1 2 4 5 6 |  6.5
Air Magic      | 1 |  1.0
Poison Magic   | 1 |  1.1
Dodging        | 3 |  3.3
Stealth        | 3 |  3.1
Evocations     | 1 2 |  2.0
Summonings     | |  1.1
Translocations | |  1.1

Action                   |  1- 3 |  4- 6 |  7- 9 | 10-12 || total
-------------------------+-------+-------+-------+-------++-------
Melee: Unarmed           |    14 |       |       |       ||    14
       Dagger            |       |    14 |   128 |       ||   142
       Short sword       |       |       |    24 |       ||    24
       War axe           |       |       |     4 |    71 ||    75
 Cast: Magic Dart        |    92 |   100 |   312 |   132 ||   636
       Call Imp          |     1 |     3 |     7 |     2 ||    13
       Mephitic Cloud    |     1 |     2 |    31 |    23 ||    57
       Conjure Flame     |       |     3 |    20 |    17 ||    40
       Blink             |       |       |     2 |     1 ||     3
       Foxfire           |       |       |       |    10 ||    10
  Use: Potion            |       |     2 |       |       ||     2
       Scroll            |       |       |       |    12 ||    12
 Stab: Confused          |     2 |     1 |    17 |     7 ||    27
       Sleeping          |       |       |     1 |       ||     1
  Eat: Chunk             |     3 |     2 |    13 |     7 ||    25
       Ration            |       |     1 |     1 |       ||     2
Armor: Robe              |     4 |    10 |     1 |       ||    15
       Leather armour    |       |       |    51 |    19 ||    70
Dodge: Dodged            |    24 |    56 |   117 |    44 ||   241
